 Dungeon Crawl Stone Soup version 0.27.1-1-g398f81649c (webtiles) character file.

Game seed: 5688493547430315617

25 Descartes the Ducker (level 2, 0/14 HPs)
             Began as a Felid Monk on Sept 12, 2021.
             Succumbed to an adder's poison
             ... on level 1 of the Dungeon.
             The game lasted 00:01:58 (1185 turns).

Descartes the Ducker (Felid Monk)                   Turns: 1185, Time: 00:01:59

Health: 0/14       AC:  1    Str:  7    XL:     2   Next: 82%
Magic:  3/3        EV: 19    Int: 11    God:
Gold:   39         SH:  0    Dex: 18    Spells: 1/1 levels left
                                        Lives:  0   Deaths: 0

rFire    . . .     SeeInvis +     - Unarmed
rCold    . . .     Faith    .   (shield unavailable)
rNeg     . . .     Spirit   .   (armour unavailable)
rPois    .         Reflect  .   (helmet unavailable)
rElec    .         Harm     .   (cloak unavailable)
rCorr    .         Rampage  .   (gloves unavailable)
Will     .....                  (boots unavailable)
Stlth    +++.......             (no amulet)
HPRegen  0.04/turn              (no ring)
MPRegen  0.08/turn              (no ring)

@: lethally poisoned (0 -> -4), quick
A: very small, claws 1, fangs 3, see invisible, speed 1, shaggy fur 1, stealthy
paws, no weapons or thrown items, no armour, multi-lived
a: no special abilities


You were on level 1 of the Dungeon.
You visited 1 branch of the dungeon, and saw 2 of its levels.

You collected 39 gold pieces.

Inventory:

Missiles
 f - 40 stones
Scrolls
 a - a scroll of amnesia {unknown}
 d - a scroll of immolation
 e - a scroll of magic mapping {unknown}
 g - a scroll of identify {unknown}
 h - a scroll of torment {unknown}
 i - 2 scrolls of enchant weapon {unknown}
Potions
 b - 2 potions of degeneration {unknown}
 c - a potion of flight {unknown}


   Skills:
 - Level 3.0 Fighting
 + Level 4.4 Dodging
 * Level 4.0 Stealth
 + Level 3.2 Unarmed Combat


You had one spell level left.
You didn't know any spells.
Your spell library contained the following spells:

 Spells                   Type           Power      Damage    Failure   Level
 Sublimation of Blood     Necr           0%         N/A       47%         2
 Wereblood                Tmut           0%         N/A       47%         2
 Summon Hydra             Summ           0%         N/A       100%        7


Dungeon Overview and Level Annotations

Branches:
Dungeon (2/15)

Altars:


Innate Abilities, Weirdness & Mutations

You have sharp claws.
You have razor-sharp teeth.
You have supernaturally acute eyesight. (SInv)
You cover ground quickly. (Speed+)
You are covered in fur. (AC +1)
Your paws help you pounce on unaware monsters.
You are incapable of wielding weapons or throwing items.
You cannot wear armour.
You gain extra lives every three experience levels.


Message History

You scratch the ball python.
You kill the ball python!
A quokka comes into view.
Things that are here:
a +0 dagger; a ball python corpse; a kobold corpse The quokka completely misses you.
You barely miss the quokka. The quokka barely misses you.
You barely miss the quokka. Your bite misses the quokka. The quokka bites you.
You scratch the quokka.
You kill the quokka!
Your Stealth skill increases to level 4!
No target in view!
An adder comes into view.
You see here a quokka corpse.
You enter the shallow water.
Moving in this stuff is going to be slow.
The adder hisses angrily.
You barely miss the adder. The adder closely misses you.
You scratch the adder but do no damage. Your bite misses the adder.
The adder bites you.
You are poisoned.
The adder poisons you!
You barely miss the adder.
You feel sick. The adder misses you. The adder barely misses you.
You feel sick.
You feel sick.
You feel sick.
You feel sick.
You feel sick.
You are no longer poisoned.
You see here a quokka corpse.
Things that are here:
a +0 dagger; a ball python corpse; a kobold corpse
There is a stone staircase leading up here.
The adder bites you.
* * * LOW HITPOINT WARNING * * *
You are lethally poisoned!
The adder poisons you!
You climb upwards.
You die...

#.# #............###...#####.##
#.# #..#####...........##......
#.# #..######.##.###..###.##.##
###.###.........##.# #..# #.##.##
#........#########.###..###.##.##
....###### #####.>...........##
#.#### #..............#####
.....# ###.###.###..##### #
#.##.# #....@#.# #..# #
#.##.#######.###S#.###..# #
#.##.......[.# #........# #
#.##########.###.##.##.## # #.#
##### #.....##.##[# # #.###...#
####.###.##.###### # #.......#
#.###.##......# # #####...#
#.##...######.### # ##.##
#....#.......#..###


You could see an adder.

Vanquished Creatures
  4 ball pythons
  2 endoplasms (D:1)
  3 giant cockroaches (D:1)
  2 goblins (D:1)
  4 hobgoblins
  2 kobolds
  A quokka (D:2)
  A bat (D:1)
  A frilled lizard (D:1)
20 creatures vanquished.

Vanquished Creatures (others)
  7 plants (D:2)
7 creatures vanquished.

Grand Total: 27 creatures vanquished

Notes
Turn   | Place    | Note
-------+----------+-------------------------------------------
     0 | D:1      | Descartes the Felid Monk began the quest for the Orb.
     0 | D:1      | Reached XP level 1. HP: 10/10 MP: 2/2
   264 | D:1      | Found a faded altar of an unknown god.
   267 | D:1      | Reached XP level 2. HP: 14/14 MP: 3/3
  1185 | D:1      | Succumbed to an adder's poison

Illustrated notes

Levels and vault maps discovered:
D:1:      tarquinn_simple_flora_water_d, layout_loops_ring,
          hellmonk_ecumenical_altar_blasted, minmay_splitting_lines,
          chequers_serial_rivers_micro_a, minmay_misc_feat_cross
D:2:      layout_loops_ring, serial_shops, nicolae_diamond_shop,
          minmay_misc_feat_enclosed, serial_bayou_lagoon_b, uniq_terence

Skill      XL: |  1  2 |
---------------+-------+-----
Stealth        | 3 4 |  4.0
Fighting       | |  3.0
Dodging        | |  4.4
Unarmed Combat | |  3.2

Action                   || total
-------------------------++-------
Melee: Unarmed           ||    54
       Bite              ||     3
 Stab: Sleeping          ||     5
Armor: Skin              ||     2
Dodge: Dodged            ||    51
